Map: Ephemeron LE

Players

MaSa - Winner!

  • Race: Terran Terran
  • Spawn Location: 5:00

Scarlett

  • Race: Zerg Zerg
  • Spawn Location: 11:00

VOD

Have the link to the VOD?

Description

Time

  • Played on: Sept. 7, 2019, 12:10 p.m.
  • Length: 16:25
Show
View Real Time Build Order
Export as new Build Order

MaSa Terran - Winner!

Build Orders: Hellion Opening 

Get SALT Encoding   

  12  0:00  SCV  
  13  0:12  SCV  
  14  0:17  Supply Depot  
  14  0:24  SCV  
  14  0:27  Refinery  
  15  0:38  SCV  
  16  0:44  Barracks  
  16  0:50  SCV  
  17  1:02  SCV  
  18  1:15  SCV  
  19  1:30  Orbital Command, Barracks Reactor  
  19  1:44  Command Center  
  19  1:53  Factory  
  19  1:57  SCV  
  20  2:06  Marine x2  
  22  2:12  Supply Depot  
  22  2:14  SCV  
  23  2:33  SCV  
  24  2:37  Marine  
  25  2:45  SCV, Hellion x2  
  30  2:56  Orbital Command  
  30  2:57  SCV  
  31  3:06  Hellion x2  
  31  3:10  SCV  
  36  3:22  SCV  
  36  3:23  SCV  
  38  3:28  Supply Depot, Hellion x2  
  38  3:34  SCV  
  43  3:35  SCV  
  44  3:42  Barracks Tech Lab  
  44  3:46  Command Center, SCV  
  44  3:47  SCV  
  46  3:58  SCV  
  46  3:59  SCV, Hellion x2  
  49  4:10  SCV  
  49  4:11  SCV  
  49  4:13  Marine  
  49  4:14  Stimpack  
  48  4:22  SCV  
  48  4:23  SCV  
  46  4:32  Marine, Barracks  
  46  4:33  Barracks  
  46  4:34  SCV  
  46  4:35  SCV  
  46  4:36  Factory Reactor  
  49  4:40  Engineering Bay  
  49  4:41  Engineering Bay  
  49  4:46  SCV  
  49  4:47  SCV  
  49  4:48  Refinery  
  51  4:52  Refinery  
  51  4:54  Marine  
  51  4:58  SCV  
  51  4:59  SCV, Orbital Command  
  54  5:07  Terran Infantry Armor Level 1, Terran Infantry Weapons Level 1  
  54  5:08  Supply Depot  
  54  5:10  SCV  
  54  5:11  SCV  
  54  5:12  Marine  
  57  5:15  Starport  
  57  5:20  Factory Reactor  
  57  5:23  SCV  
  57  5:24  Barracks, SCV  
  57  5:27  Marine x2, Barracks  
  61  5:29  Marine x2  
  61  5:32  Orbital Command  
  61  5:35  SCV  
  65  5:36  SCV, Refinery  
  65  5:39  Marine, Supply Depot  
  66  5:45  Marine x2  
  66  5:46  Supply Depot  
  66  5:47  Marine x2, SCV  
  66  5:48  SCV  
  72  5:56  Combat Shield  
  72  5:57  Marine  
  72  5:59  SCV x2  
  72  6:00  SCV  
  72  6:03  Marine, Supply Depot, Refinery  
  77  6:05  Medivac, Armory  
  77  6:10  Medivac  
  77  6:11  Marine x2, Factory Tech Lab, SCV x2  
  84  6:16  SCV  
  84  6:17  Marine  
  89  6:18  Marauder  
  89  6:19  Barracks Reactor  
  89  6:21  Supply Depot  
  89  6:23  SCV  
  89  6:24  Barracks Reactor  
  91  6:25  SCV  
  91  6:27  Marine  
  91  6:28  Marine, SCV  
  91  6:31  Marine  
  95  6:35  Marine, Supply Depot  
  95  6:36  Siege Tank  
  95  6:38  SCV  
  95  6:39  SCV  
  101  6:42  Marine  
  101  6:45  Marine, Supply Depot  
  101  6:46  Marine  
  104  6:48  Marine, Medivac  
  104  6:49  SCV  
  104  6:53  Marine  
  109  6:55  Supply Depot  
  109  6:57  Marine x2, SCV, Medivac  
  109  7:00  Marine, SCV  
  116  7:03  Marine, Factory, Supply Depot  
  116  7:06  Marine  
  116  7:08  Marine x2, SCV  
  120  7:09  Marine  
  120  7:11  Marine  
  120  7:13  SCV  
  120  7:14  SCV  
  125  7:16  Marine x2  
  125  7:18  Supply Depot  
  125  7:21  Terran Infantry Weapons Level 2  
  125  7:22  Supply Depot  
  127  7:26  Marine  
  127  7:27  Marine x5  
  133  7:30  Terran Infantry Armor Level 2  
  133  7:34  Marine  
  133  7:35  Marine  
  133  7:36  SCV  
  136  7:39  SCV  
  136  7:41  Siege Tank, Supply Depot  
  136  7:42  Supply Depot  
  140  7:45  Marine x2, Refinery  
  140  7:50  Marine x5  
  144  7:52  Marine x2  
  142  8:09  Marine x6  
  142  8:11  Marine x3  
  142  8:12  Medivac  
  146  8:13  Siege Tank  
  142  8:24  Medivac  
  142  8:26  SCV  
  142  8:27  Marine x5  
  142  8:30  Terran Vehicle Weapons Level 1  
  142  8:31  Command Center  
  147  8:45  Marine x6  
  147  8:46  Siege Tank  
  134  8:49  Marine x3  
  134  8:55  Medivac x2  
  110  9:02  Marine  
  110  9:03  Marine x5  
  110  9:07  Marine x3, Factory Tech Lab  
  110  9:08  Supply Depot  
  102  9:18  Siege Tank  
  102  9:20  Marine x2  
  102  9:21  Marine x4  
  108  9:25  Marine x3, Medivac x2  
  109  9:33  Siege Tank  
  109  9:38  Marine x6  
  112  9:39  Missile Turret  
  112  9:43  Marine x3  
  117  9:50  Siege Tank  
  120  9:56  Marine x6  
  120  9:58  Terran Infantry Armor Level 3  
  126  10:00  Marine  
  126  10:01  Marine x2  
  125  10:14  Marine x6  
  120  10:17  Siege Tank  
  120  10:18  Marine x2  
  120  10:19  Marine  
  132  10:32  Marine x6  
  138  10:35  Thor  
  138  10:36  Marine x3  
  143  10:49  Marine  
  131  10:50  Marine x4, SCV  
  131  10:51  Planetary Fortress  
  131  10:55  Marine x2  
  138  10:59  Marine x2  
  138  11:01  Siege Tank  
  138  11:03  Medivac  
  143  11:04  Medivac  
  143  11:07  Marine x5  
  145  11:15  Marine x2  
  145  11:17  Marine  
  127  11:19  Marine  
  127  11:25  Marine x2  
  122  11:27  Marine x2  
  122  11:28  Marine  
  122  11:29  Thor  
  122  11:31  SCV  
  122  11:32  SCV  
  134  11:33  Marine x2, Medivac  
  134  11:34  Marine, Medivac  
  134  11:37  Marine  
  142  11:43  Marine x2  
  142  11:45  Marine x3  
  147  11:51  Marine x2  
  147  11:52  Marine  
  144  11:55  Marine  
  144  12:01  Marine x2  
  128  12:03  Marine x3, Medivac  
  128  12:04  Medivac  
  123  12:09  Marine x2  
  123  12:10  Marine  
  112  12:16  Terran Infantry Weapons Level 3  
  112  12:18  Marine  
  112  12:19  Marine, Terran Vehicle Weapons Level 2  
  112  12:21  Marine x3  
  117  12:29  Command Center  
  115  12:32  Marine x4  
  115  12:33  Medivac  
  115  12:34  Siege Tank, Medivac  
  115  12:36  Marine x2  
  127  12:39  Marine  
  127  12:40  Marine x2  
  130  12:50  Marine x4, Thor  
  140  12:54  Marine x2  
  140  12:56  Marine  
  140  12:58  Marine  
  144  13:01  Marine  
  144  13:02  Liberator x2  
  144  13:05  Barracks  
  145  13:06  Barracks  
  145  13:07  Marine  
  145  13:08  Marine x2, Marauder  
  145  13:12  Marine x2, Supply Depot  
  151  13:13  SCV x2  
  151  13:14  Marine  
  151  13:15  Marine  
  151  13:19  Marine  
  161  13:25  Marine  
  161  13:26  Marine x2  
  164  13:30  Marine x2, Marauder  
  164  13:32  Marine  
  164  13:33  Marine  
  168  13:37  Marine  
  160  13:43  Marine x3  
  160  13:44  Siege Tank  
  160  13:47  Marine  
  160  13:48  Marine  
  165  13:49  Siege Tank  
  165  13:50  Marine  
  165  13:51  Marine, Marauder  
  165  13:55  Marine  
  173  14:01  Marine x3  
  173  14:02  Medivac  
  178  14:04  Command Center  
  178  14:05  Marine x2  
  178  14:06  Concussive Shells, Barracks Tech Lab x2  
  178  14:07  Medivac  
  182  14:13  Marine x2, Marauder  
  179  14:25  Marine x8  
  179  14:30  Marine  
  179  14:31  Marine, Medivac  
  189  14:34  Marine  
  177  14:42  Widow Mine  
  177  14:43  Marine x8  
  177  14:48  Marine x2  
  171  14:52  Marauder  
  171  14:56  Planetary Fortress  
  171  15:01  Marine x8  
  171  15:06  Marine x2  
  180  15:13  Marine  
  181  15:18  Marine  
  181  15:19  Marine x7  
  183  15:24  Marine x2  
  175  15:31  Marine, Medivac x2  
  165  15:36  Marine x2  
  165  15:37  Marine x6  
  165  15:42  Marine x2  
  165  15:45  Siege Tank  
  165  15:49  Marine  
  168  15:54  Marine x6  
  174  15:59  Starport  
  174  16:00  Starport  
  174  16:02  Marine x3, Marauder  
  183  16:07  Marine  
Show
View Real Time Build Order
Export as new Build Order

Scarlett Zerg 

Build Orders: Hatch First, Brood Lord Corruptor, Muta Ling Bane 

Get SALT Encoding   

  12  0:00  Drone  
  13  0:12  Overlord  
  13  0:17  Drone  
  14  0:31  Drone x2  
  16  0:47  Hatchery  
  15  0:51  Drone  
  15  0:55  Drone  
  17  0:58  Drone  
  18  1:09  Extractor  
  17  1:13  Spawning Pool  
  17  1:17  Drone  
  17  1:22  Drone  
  18  1:30  Drone  
  19  1:41  Drone  
  20  1:51  Overlord  
  20  2:00  Queen x2  
  20  2:01  Zergling x4  
  26  2:10  Metabolic Boost  
  26  2:11  Drone  
  26  2:13  Drone  
  28  2:21  Drone  
  30  2:22  Drone  
  30  2:33  Drone x2  
  32  2:39  Pneumatized Carapace  
  32  2:42  Queen  
  34  2:47  Overlord  
  34  2:49  Drone  
  35  3:00  Hatchery  
  35  3:02  Drone  
  35  3:05  Drone  
  36  3:07  Drone x2  
  36  3:10  Drone  
  39  3:15  Overlord  
  39  3:16  Drone  
  40  3:22  Overlord  
  40  3:23  Drone  
  41  3:29  Queen  
  43  3:36  Drone x3  
  46  3:43  Zergling x6  
  46  3:45  Queen  
  51  3:49  Drone x2  
  51  3:53  Zergling x4  
  51  4:10  Spore Crawler  
  51  4:12  Zergling x2  
  51  4:16  Spore Crawler  
  51  4:17  Drone x5  
  51  4:18  Queen  
  51  4:24  Drone x5  
  58  4:28  Drone  
  59  4:36  Queen  
  61  4:40  Overlord, Lair  
  61  4:41  Drone x2  
  63  4:46  Drone x2  
  63  4:50  Drone  
  63  4:51  Overlord  
  66  4:54  Drone, Extractor  
  66  4:55  Extractor x2  
  64  5:00  Drone x6  
  64  5:04  Baneling Nest  
  64  5:05  Drone  
  70  5:10  Evolution Chamber  
  70  5:11  Zergling x2  
  70  5:12  Zergling x8, Evolution Chamber  
  73  5:17  Overlord  
  73  5:19  Extractor  
  72  5:24  Drone x4  
  76  5:29  Overlord  
  76  5:32  Overlord x2  
  76  5:35  Extractor  
  75  5:36  Drone x4  
  75  5:39  Overseer  
  75  5:40  Drone x3  
  82  5:47  Centrifical Hooks, Overlord x2  
  82  5:50  Drone x3  
  82  5:53  Zerg Melee Weapons Level 1  
  82  5:54  Zerg Ground Armor Level 1  
  82  5:56  Drone x3  
  88  6:00  Zergling x2  
  88  6:02  Zergling x4  
  88  6:04  Zergling x2  
  92  6:08  Zergling x2, Spire  
  92  6:09  Zergling x6  
  95  6:19  Hatchery  
  95  6:20  Zergling x8  
  95  6:23  Zergling x6  
  101  6:26  Baneling x7  
  101  6:30  Overlord  
  101  6:31  Overlord  
  101  6:40  Overlord  
  101  6:41  Overlord  
  101  6:47  Baneling  
  101  6:48  Zergling x14, Baneling x11  
  108  7:07  Drone x12  
  119  7:27  Mutalisk x7  
  119  7:29  Zerg Flyer Weapons Level 1  
  133  7:33  Infestation Pit  
  133  7:34  Drone x3  
  135  7:37  Extractor x2  
  133  7:45  Baneling x10  
  133  7:46  Zergling x22  
  136  8:00  Zergling x12  
  136  8:04  Zergling x4  
  141  8:07  Baneling x12  
  141  8:09  Zergling x2  
  141  8:10  Zergling x6  
  137  8:15  Zergling x8  
  137  8:17  Baneling x8  
  137  8:24  Mutalisk  
  137  8:26  Zergling x18  
  144  8:27  Queen x2  
  144  8:30  Zergling x2  
  144  8:31  Baneling x8  
  144  8:34  Zergling x4  
  149  8:47  Drone x3  
  138  8:50  Zergling x4  
  138  8:51  Zergling x6  
  128  8:58  Mutalisk x5  
  128  9:00  Zergling x8  
  136  9:07  Hatchery  
  128  9:18  Zerg Melee Weapons Level 2, Zerg Ground Armor Level 2  
  128  9:19  Hive  
  128  9:24  Zergling x18  
  125  9:39  Overseer  
  125  9:43  Mutalisk x5  
  132  9:47  Zergling x10  
  137  9:56  Mutalisk x3  
  137  9:59  Zergling x2  
  144  10:00  Baneling  
  144  10:01  Baneling x2  
  143  10:13  Zergling x10  
  143  10:14  Zergling x14  
  145  10:19  Baneling x9  
  144  10:25  Spine Crawler  
  144  10:26  Overlord  
  144  10:27  Overlord, Spore Crawler  
  142  10:30  Zergling x20  
  142  10:32  Adrenal Glands  
  142  10:34  Greater Spire  
  152  10:36  Zergling x2  
  152  10:37  Zergling x8  
  148  10:49  Zergling x12  
  138  10:51  Baneling x11  
  138  10:53  Zergling x6  
  132  10:58  Zergling x18  
  132  11:02  Extractor  
  132  11:03  Extractor  
  134  11:05  Corruptor x4  
  124  11:19  Zergling x18  
  124  11:24  Zergling x6  
  129  11:27  Baneling  
  129  11:28  Baneling x8  
  129  11:31  Zergling x12  
  132  11:34  Zergling x6  
  135  11:41  Baneling x2  
  135  11:46  Brood Lord x3  
  135  11:55  Drone  
  116  12:13  Hatchery  
  107  12:17  Corruptor x2  
  107  12:20  Zergling x24  
  107  12:22  Baneling x11  
  121  12:27  Zerg Melee Weapons Level 3  
  120  12:33  Queen  
  122  12:39  Baneling x7  
  122  12:40  Baneling  
  122  12:49  Drone  
  122  12:50  Drone x7  
  131  12:51  Zergling x16  
  131  12:54  Overlord  
  138  13:01  Zerg Ground Armor Level 3  
  138  13:07  Corruptor x4  
  131  13:33  Drone x2  
  123  13:48  Brood Lord x5  
  129  13:50  Infestor  
  131  13:56  Queen x2  
  131  14:00  Hatchery  
  131  14:01  Infestor  
  136  14:03  Zergling x22  
  136  14:09  Baneling x10  
  147  14:13  Zergling x6  
  148  14:24  Brood Lord  
  148  14:25  Brood Lord  
  148  14:31  Zergling x16  
  148  14:50  Corruptor  
  148  14:51  Corruptor x4  
  143  15:10  Corruptor x2  
  143  15:13  Hatchery  
  140  15:32  Drone x2  
  133  15:39  Hatchery  
  140  15:57  Drone  
  140  16:04  Hatchery  
  146  16:08  Spire  
Tags
 
Add a new tag
Caveats
  • Supply blocks, unpowered buildings, or Contaminate may cause inaccurate times.
  • Supply counts are checked every 10 seconds.